 Dungeon Crawl Stone Soup version 0.23-a0-398-g8eab93f (webtiles) character file.

70 Urist the Sneak (level 4, 0/37 HPs)
             Began as a Draconian Assassin on Nov 2, 2018.
             Killed from afar by Blork the orc (9 damage)
             ... with a puff of frost
             ... on level 4 of the Dungeon.
             The game lasted 00:15:59 (1076 turns).

Urist the Sneak (Draconian Assassin)                Turns: 1076, Time: 00:15:59

Health: 0/37       AC: 10    Str: 13 (14) XL:     4   Next: 4%
Magic:  4/4        EV: 12    Int: 10 (12) God:
Gold:   57         SH:  0    Dex: 13 (15) Spells: 3/3 levels left

rFire    . . .     SeeInvis .   b - +0 blowgun
rCold    . . .     Gourm    .   (no shield)
rNeg     . . .     Faith    .   (armour unavailable)
rPois    .         Spirit   .   (helmet restricted)
rElec    .         Reflect  .   c - +0 cloak
rCorr    .         Harm     .   g - +0 pair of gloves
MR       .....                  (no boots)
Stlth    +++.......             (no amulet)
HPRegen  0.12/turn              f - +3 ring of protection
MPRegen  0.09/turn              i - +3 ring of dexterity

@: lethally poisoned (0 -> -3)
A: unfitting armour, cold-blooded, AC +5
a: no special abilities


You were on level 4 of the Dungeon.
You were very full.

You visited 1 branch of the dungeon, and saw 4 of its levels.

You collected 57 gold pieces.

Inventory:

Hand Weapons
 a - a +2 dagger
 b - a +0 blowgun (weapon)
Missiles
 d - 23 poisoned needles (quivered)
 e - 2 curare-tipped needles
Armour
 c - a +0 cloak (worn)
 g - a +0 pair of gloves (worn)
Jewellery
 f - a +3 ring of protection (left hand)
 i - a +3 ring of dexterity (right hand)
Comestibles
 h - a ration


   Skills:
 + Level 2.5 Fighting
 + Level 2.6 Short Blades
 + Level 2.0 Throwing
 + Level 1.2 Dodging
 + Level 4.5 Stealth


You had 3 spell levels left.
You didn't know any spells.
Your spell library was empty.

Dungeon Overview and Level Annotations

Branches:
Dungeon (4/15)
 Temple: D:4-7

Altars:

Annotations:
D:4 Blork the orc


Innate Abilities, Weirdness & Mutations

Your plain brown scales are hard. (AC +5)
You cannot fit into any form of body armour.
You are cold-blooded and may be slowed by cold attacks.


Message History

You feel your strength returning.
You feel your dexterity returning.
You have reached level 4!
You feel clever.
You feel sick.
You feel sick.
You feel sick.
Found a plate armour.
You feel sick.
Found 6 gold pieces.
You feel sick.
You feel sick.
Found a stone staircase leading down.
Blork the orc comes into view.
He is wielding a +0 glaive.
You feel sick.
You feel sick.
b - a +0 blowgun (weapon)
You feel sick.
Blork the orc gestures at you while chanting.
The puff of frost hits you!
You die...

#. #. #### ..##...####
.........# ...#
#.......# #..#
#...[...# #..#
#....%..#. #..#
#.###......o.# #..#
#..>..@...#.## #..#
#####...##.... #..#
##.## .## ######.<#
######.###..#
........###...........#
##.###..[........###..#
###.######### ..$ #.# .
#.#


You could see Blork the orc.

Vanquished Creatures
  A worker ant (D:4)
  2 adders (D:2)
  A shadow imp (D:3)
  An ooze (D:1)
  A worm (D:2)
  A leopard gecko (D:2)
  A goblin (D:1)
  3 hobgoblins
  A bat (D:1)
  A frilled lizard (D:2)
  2 kobolds
  2 rats
17 creatures vanquished.

Notes
Turn   | Place    | Note
-------+----------+-------------------------------------------
     0 | D:1      | Urist the Draconian Assassin began the quest for the Orb.
     0 | D:1      | Reached XP level 1. HP: 17/17 MP: 1/1
    86 | D:1      | Reached XP level 2. HP: 19/25 MP: 2/2
   184 | D:2      | Reached skill level 1 in Dodging
   184 | D:2      | Reached skill level 4 in Stealth
   199 | D:2      | Reached XP level 3. HP: 15/30 MP: 3/3
  1065 | D:4      | Reached XP level 4. HP: 17/37 MP: 4/4
  1072 | D:4      | Noticed Blork the orc
  1076 | D:4      | Killed from afar by Blork the orc

Vault maps used:
D:1:      dpeg_arrival_arbitrary_c
D:2:      first_ration, yredelemnul_altar_generic
D:3:      bh_walls_and_bars
D:4:      minitemple, temple_hall, lemuel_tele_altar, uniq_grinder,
          uniq_blork_the_orc, uniq_crazy_yiuf_cottage

Skill      XL: |  1  2 |
---------------+-------+-----
Throwing       | 2 |  2.0
Dodging        | 1 |  1.2
Stealth        | 4 |  4.5
Fighting       | |  2.5
Short Blades   | |  2.6

Action                   |  1- 3 |  4- 6 || total
-------------------------+-------+-------++-------
Melee: Dagger            |    82 |       ||    82
       Tailslap          |     8 |       ||     8
 Fire: Blowgun           |     4 |       ||     4
  Use: Scroll            |     4 |       ||     4
       Potion            |     3 |       ||     3
  Eat: Ration            |     2 |       ||     2
Armor: Skin              |    25 |       ||    25
Dodge: Dodged            |    65 |       ||    65

Table legend:
 A = Non-vault XP
 B = Vault XP
 C = Vault XP percentage of total XP
 D = Non-vault monster count
 E = Vault monster count
 F = Vault count percentage of total count
                 A         B        C        D         E       F
            +---------+---------+-------+---------+---------+-------
      Total |     101 |       0 |   0.0 |      17 |       0 |   0.0
            +---------+---------+-------+---------+---------+-------
        D:1 |      12 |       0 |   0.0 |       5 |       0 |   0.0
        D:2 |      42 |       0 |   0.0 |       9 |       0 |   0.0
        D:3 |      14 |       0 |   0.0 |       2 |       0 |   0.0
        D:4 |      33 |       0 |   0.0 |       1 |       0 |   0.0
            +---------+---------+-------+---------+---------+-------
